 Dungeon Crawl Stone Soup version 0.29-a0-553-g81b289dbe5 (webtiles) character file.

Game seed: 13457376054975964958

1080 Querens the Shield-Bearer (level 8, -9/64 HPs)
             Began as a Formicid Fighter on June 6, 2022.
             Killed from afar by a steam dragon (19 damage)
             ... with a ball of steam
             ... on level 6 of the Dungeon.
             The game lasted 00:12:41 (3389 turns).

Querens the Shield-Bearer (Formicid Fighter)        Turns: 3389, Time: 00:12:41

Health: -9/64      AC: 12    Str: 24    XL:     8   Next: 55%
Magic:  8/8        EV:  9    Int:  7    God:
Gold:   344        SH:  5    Dex: 10    Spells: 7/7 levels left

rFire   . . .      SeeInvis +   a - +0 war axe
rCold   . . .      Faith    .   c - +0 buckler
rNeg    . . .      Spirit   .   b - +0 scale mail
rPois   .          Reflect  .   (helmet unavailable)
rElec   .          Harm     .   (no cloak)
rCorr   .          Rampage  .   y - +0 pair of gloves
Will    .....                   (no boots)
Stlth   ..........              w - amulet of the acrobat
HPRegen 0.20/turn               p - +4 ring of protection
MPRegen 0.11/turn               (no ring)

@: no status effects
A: permanent stasis, dig shafts and tunnels, antennae 3, four strong arms
a: Dig, Shaft Self


You were on level 6 of the Dungeon.
You visited 1 branch of the dungeon, and saw 6 of its levels.

You collected 344 gold pieces.

Inventory:

Hand Weapons
 a - a +0 war axe (weapon)
Armour
 b - a +0 scale mail (worn)
 c - a +0 buckler (worn)
 y - a +0 pair of gloves (worn)
Jewellery
 p - a +4 ring of protection (left hand)
 w - an amulet of the acrobat (around neck)
Wands
 m - a wand of digging (6)
Scrolls
 f - a scroll of enchant armour {unknown}
 i - a scroll of silence {unknown}
 j - a scroll of blinking {unknown}
 k - 5 scrolls of identify {unknown}
 l - 2 scrolls of vulnerability {unknown}
 n - a scroll of noise {unknown}
 o - a scroll of poison {unknown}
 q - a scroll of teleportation {unknown}
 r - 3 scrolls of fear {unknown}
 s - 3 scrolls of summoning {unknown}
 t - 2 scrolls of magic mapping {unknown}
 u - 3 scrolls of enchant weapon {unknown}
Potions
 d - 4 potions of might
 e - a potion of magic {unknown}
 g - 3 potions of curing {unknown}
 h - a potion of resistance {unknown}
 z - a potion of heal wounds {unknown}
 A - a potion of flight {unknown}


   Skills:
 + Level 6.1 Fighting
 + Level 5.0 Axes
 + Level 6.1 Armour
 + Level 7.3 Shields


You had 7 spell levels left.
You didn't know any spells.
Your spell library contained the following spells:

 Spells                   Type           Power      Damage    Failure   Level
 Shock                    Conj/Air       0%         1d3       77%         1
 Summon Small Mammal      Summ           0%         N/A       77%         1
 Call Canine Familiar     Summ           0%         N/A       98%         3
 Summon Guardian Golem    Hex/Summ       0%         N/A       98%         3
 Airstrike                Air            0%         N/A       100%        4
 Olgreb's Toxic Radiance  Pois           0%         N/A       100%        4
 Ozocubu's Refrigeration  Ice            0%         4d5       100%        7
 Ignition                 Fire           0%         3d3       100%        8
 Swiftness                Air            Unusable   N/A       N/A         3

Dungeon Overview and Level Annotations

Branches:
Dungeon (6/15)
 Temple: D:4-7

Altars:
Ashenzari
Fedhas
Makhleb
Sif Muna
Trog

Shops:
D:1 :***


Innate Abilities, Weirdness & Mutations

You cannot be hasted, slowed, berserked, paralysed or teleported.
You can dig through walls and to a lower floor.
You have a pair of large antennae on your head. (SInv)
Your four strong arms can wield two-handed weapons with a shield.


Message History

Things that are here:
a +0 dagger; a +0 robe The steam dragon hisses angrily.
Okay, then.
Aiming: Iceblast
Press: ? - help, Shift-Dir - straight line, f - steam dragon
Aim: a steam dragon The mass of ice explodes!
The iceblast engulfs the steam dragon!
The steam dragon is heavily wounded.
The now-empty wand crumbles to dust.
You hear a shout!
Aiming: Corrosive Bolt
Press: ? - help, Shift-Dir - straight line, f/p - steam dragon
Aim: a steam dragon (moderately wounded, 71% to hit)
The bolt of acid hits the steam dragon.
The acid corrodes the steam dragon!
The steam dragon is heavily wounded.
Unknown command.
You slash the steam dragon!
The steam dragon is almost dead.
You block the steam dragon's attack.
The steam dragon claws you but does no damage.
The steam dragon breathes steam at you. The ball of steam hits you!
* * * LOW HITPOINT WARNING * * *
Unknown command.
Aiming: Corrosive Bolt
Press: ? - help, Shift-Dir - straight line, f/p - steam dragon
Aim: a steam dragon (steam, almost dead, catching its breath, covered in acid, 71% to hit)
The bolt of acid misses the steam dragon.
The now-empty wand crumbles to dust.
You are engulfed in a cloud of scalding steam.
The steam dragon bites you but does no damage.
You block the steam dragon's attack.
You hit the steam dragon.
The steam dragon is almost dead.
You are engulfed in a cloud of scalding steam.
* * * LOW HITPOINT WARNING * * *
The steam dragon breathes steam at you. The ball of steam hits you!!
You die...

..........#
#......
..........# #...D.
..........# #....
..........# #...
..........# #..
#.###.# #..##.#
#..##D# ...#
#..##@# {...#
#...#§# ..#
#.#.#§# ..#
#.#...# #.#
#)##..# ###.#
######.)..>#
....###..........#
.................#
.######..........#


You could see a steam dragon (catching breath, corroded).

Vanquished Creatures
  A black bear (D:6)
  An ogre (D:5)
  4 necrophages (D:5)
  A scorpion (D:4)
  A centaur zombie (D:5)
  A howler monkey (D:4)
  3 bullfrog zombies (D:5)
  A jelly (D:5)
  2 hounds (D:5)
  3 iguanas
  A gnoll shaman (D:4)
  2 orc wizards
  7 gnolls (D:4)
  4 adders
  An ufetubus (D:5)
  4 worms
  A dart slug (D:1)
  3 orcs
  8 ball pythons
  6 bats
  7 endoplasms
  4 giant cockroaches
  5 goblins
  4 hobgoblins
  4 jackals (D:1)
  6 quokkas
  2 frilled lizards (D:1)
  5 kobolds
  4 rats
  2 bushes (D:5)
98 creatures vanquished.

Vanquished Creatures (others)
  A bush (D:5)
  13 plants (D:5)
14 creatures vanquished.

Grand Total: 112 creatures vanquished

Notes
Turn   | Place    | Note
-------+----------+-------------------------------------------
     0 | D:1      | Querens the Formicid Fighter began the quest for the Orb.
     0 | D:1      | Reached XP level 1. HP: 18/18 MP: 1/1
    99 | D:1      | Reached XP level 2. HP: 17/24 MP: 2/2
   157 | D:1      | Reached XP level 3. HP: 8/29 MP: 3/3
   269 | D:1      | Found Piodich's Assorted Antiques.
   281 | D:1      | Found Faph's General Store.
   311 | D:1      | Found Muzaocur's Book Shoppe.
   442 | D:1      | Found Hosatug's Assorted Antiques.
   809 | D:2      | Reached XP level 4. HP: 32/37 MP: 4/4
  1756 | D:3      | Found a shimmering blue altar of Sif Muna.
  1805 | D:3      | Found a burning altar of Makhleb.
  1955 | D:4      | Reached skill level 5 in Shields
  1955 | D:4      | Reached XP level 5. HP: 32/42 MP: 5/5
  2119 | D:4      | Found a bloodstained altar of Trog.
  2125 | D:4      | Reached XP level 6. HP: 19/49 MP: 6/6
  2251 | D:4      | Found a broken altar of Ashenzari.
  2255 | D:4      | Noticed an ogre
  2667 | D:5      | Entered Level 5 of the Dungeon
  2677 | D:5      | Noticed an ice beast
  2787 | D:5      | Noticed an ogre
  2793 | D:5      | Killed an ogre
  2794 | D:5      | Reached skill level 5 in Fighting
  2794 | D:5      | Reached skill level 5 in Armour
  2794 | D:5      | Reached skill level 6 in Shields
  2794 | D:5      | Reached XP level 7. HP: 56/56 MP: 7/7
  2891 | D:5      | Found a blossoming altar of Fedhas.
  3018 | D:5      | Reached XP level 8. HP: 42/63 MP: 8/8
  3044 | D:5      | Reached skill level 7 in Shields
  3331 | D:6      | Reached skill level 5 in Axes
  3389 | D:6      | Killed from afar by a steam dragon

Illustrated notes

Levels and vault maps discovered:
D:1:      kennysheep_arrival_forest, layout_basic, serial_shops, shop,
          nicolae_shop_behind_doors, nicolae_shop_hallway_plus, shop_fountains
D:2:      layout_loops_cross
D:3:      layout_loops_corners, led_sif_book, bloody_makhleb,
          nicolae_concentric_dashed_squares_wild
D:4:      layout_loops_ring, mainiacjoe_overflow_small_starburst,
          trog_three_pillars_becter
D:5:      layout_rooms, fedhas_altar_decomposition
D:6:      layout_basic

Skill      XL: |  1  2  3  4  5  6  7  8 |
---------------+-------------------------+-----
Armour         | 4 5 6 |  6.1
Fighting       | 4 5 6 |  6.1
Axes           | 3 4 5 |  5.0
Shields        | 5 6 7 |  7.3

Action                   |  1- 3 |  4- 6 |  7- 9 || total
-------------------------+-------+-------+-------++-------
Melee: War axe           |    82 |   144 |    81 ||   307
Evoke: Wand              |       |     6 |     5 ||    11
Armor: Scale mail        |    50 |    69 |    83 ||   202
Dodge: Dodged            |    45 |    76 |    64 ||   185
Block: Buckler           |    15 |    35 |    33 ||    83

Table legend: (Time is in decaauts)
 A = Elapsed time spent in this place.
 B = Non-inter-level travel time spent in this place.
 C = Inter-level travel time spent in this place.
 D = Time resting spent in this place.
 E = Time spent auto-exploring this place.
 F = Levels seen in this place.
 G = Mean time per level.
                   A        B        C        D        E       F      G
               +--------+--------+--------+--------+--------+-----+--------+
         Total |   3500 |   3007 |    493 |     71 |      0 |   6 |  583.3 |
       Dungeon |   3500 |   3007 |    493 |     71 |      0 |   6 |  583.3 |
               +--------+--------+--------+--------+--------+-----+--------+

Top non-repeatable levels by time:
     D:3: 772 daAuts
     D:4: 747 daAuts
     D:1: 725 daAuts
     D:5: 588 daAuts
     D:2: 546 daAuts
     D:6: 121 daAuts
